General information
- name: BNet
- type: Ladder 1vs1/FFA
- host: Battle.net
- saver: ShawnWiggs
map: TwistedMeadows
- players: 2
- length: 21:22
- speed: Fast
- version: 1.24 W3XP
- replay type: Public
» download(90 KB)
Players
team 1 (winner)
ShawnWiggs (
yellow | 163 APM | 3489 actions | 21:22)
6 Blademaster
3 Wind Walk
2 Critical Strike
1 Bladestorm
5 Shadow Hunter
2 Hex
3 Healing Wave
» actions
| Assign group hotkey | 354 | |
| Basic commands | 394 | |
| Build / train | 72 | |
| Enter build submenu | 15 | |
| Enter hero's abilities submenu | 11 | |
| Give item / drop item | 2 | |
| Right click | 828 | |
| Select / deselect | 428 | |
| Select group hotkey | 1184 | |
| Use ability | 201 | |
3489 total
» units
| Peon | 8 | |
| Grunt | 5 | |
| Raider | 10 | |
| Spirit Walker | 6 | |
29 total
» upgrades
| Spirit Walker Training | 1 | |
| Ensnare | 1 | |
2 total
» buildings
| Altar of Storms | 1 | |
| Orc Burrow | 6 | |
| Barracks | 1 | |
| Voodoo Lounge | 2 | |
| Stronghold | 4 | |
| Beastiary | 2 | |
| Spirit Lodge | 1 | |
| Great Hall | 1 | |
18 total
» build order
00:05 Altar of Storms
00:17 Orc Burrow
00:36 Barracks
01:32 Orc Burrow
02:01 Voodoo Lounge
03:07 Stronghold
03:07 Stronghold
03:07 Stronghold
04:33 Orc Burrow
05:39 Beastiary
05:40 Spirit Lodge
07:19 Orc Burrow
11:39 Orc Burrow
13:59 Orc Burrow
15:47 Voodoo Lounge
17:11 Great Hall
18:24 Beastiary
» items
| Healing Salve | 13 | |
| Boots of Speed | 1 | |
| Circlet of Nobility | 1 | |
| Lesser Clarity Potion | 1 | |
| Scroll of Speed | 2 | |
| Scroll of Town Portal | 3 | |
| Potion of Lesser Invulnerability | 1 | |
22 total
team 2 (loser)
TOMFOOOOLERY (
green | 113 APM | 2414 actions | 21:21)
4 Archmage
2 Summon Water Elemental
2 Brilliance Aura
2 Mountain King
1 Storm Bolt
1 Bash
» actions
| Assign group hotkey | 114 | |
| Basic commands | 34 | |
| Build / train | 79 | |
| Enter build submenu | 21 | |
| Enter hero's abilities submenu | 6 | |
| Give item / drop item | 3 | |
| Remove unit from queue | 2 | |
| Right click | 1219 | |
| Select / deselect | 539 | |
| Select group hotkey | 246 | |
| Use ability | 151 | |
2414 total
» units
| Peasant | 8 | |
| Footman | 13 | |
| Sorceress | 6 | |
| Spell Breaker | 6 | |
| Priest | 5 | |
| Rifleman | 5 | |
| Goblin Zeppelin | 1 | |
44 total
» buildings
| Altar of Kings | 1 | |
| Barracks | 1 | |
| Farm | 10 | |
| Scout Tower | 1 | |
| Keep | 2 | |
| Arcane Tower | 3 | |
| Arcane Vault | 1 | |
| Lumber Mill | 1 | |
| Arcane Sanctum | 3 | |
| Blacksmith | 1 | |
24 total
» build order
00:07 Altar of Kings
00:20 Barracks
00:35 Farm
00:50 Farm
01:30 Scout Tower
01:57 Farm
02:44 Keep
02:44 Keep
03:03 Arcane Tower
03:03 Arcane Tower
04:30 Arcane Vault
04:33 Farm
04:35 Lumber Mill
05:15 Arcane Sanctum
05:29 Arcane Sanctum
05:32 Farm
08:46 Farm
08:47 Farm
09:39 Farm
09:41 Blacksmith
09:53 Farm
12:20 Farm
13:31 Arcane Sanctum
» items
| Boots of Speed | 3 | |
| Potion of Healing | 2 | |
| Scroll of Regeneration | 6 | |
| Dust of Appearance | 1 | |
| Potion of Lesser Invulnerability | 1 | |
| Scroll of Town Portal | 4 | |
17 total
Chat log
(00:10 / All) ShawnWiggs: gl hf
(00:14 / All) TOMFOOOOLERY: u 2 mang
(00:22 / All) ShawnWiggs: tyty
(13:24 / All) TOMFOOOOLERY: OMFg
(20:12 / All) TOMFOOOOLERY: gg
(20:16 / All) ShawnWiggs: gg